 Dungeon Crawl Stone Soup version 0.18.1-48-g4cf74bf (webtiles) character file.

388 WarriorsX the Magician (level 6, 0/36 HPs)
             Began as a High Elf Wizard on Aug 9, 2016.
             Hit by a tomahawk thrown by an orc (4 damage)
             ... on level 3 of the Dungeon.
             The game lasted 00:11:05 (4115 turns).

WarriorsX the Magician (High Elf Wizard)            Turns: 4115, Time: 00:11:05

Health: 0/36       AC:  2    Str:  6    XL:     6   Next: 49%
Magic:  4/14       EV: 12    Int: 25    God:
Gold:   198        SH:  0    Dex: 13    Spells: 3 memorised, 9 levels left

rFire  . . .     SeeInvis .     (no weapon)
rCold  . . .     Gourm    .     h - +0 robe {MR+}
rNeg   . . .     Faith    .     (no shield)
rPois  .         Spirit   .     b - +0 hat
rElec  .         Dismiss  .     (no cloak)
rCorr  .         Reflect  .     (no gloves)
SustAt .         Harm     .     (no boots)
MR     +....     Rnd*Tele +     (no amulet)
Stlth  ++........               (no ring)
                                e - ring of teleportation (curse)

@: somewhat resistant to hostile enchantments, unstealthy
A: no striking features
a: no special abilities


You were on level 3 of the Dungeon.
You were hungry.

You visited 1 branch of the dungeon, and saw 4 of its levels.

You collected 198 gold pieces.

Inventory:

Armour
 b - a +0 hat (worn)
 h - a +0 robe of magic resistance (worn)
 n - a cursed +0 ring mail
Jewellery
 e - a cursed ring of teleportation (left hand)
 p - an uncursed ring of protection from fire {unknown}
Scrolls
 a - a scroll of remove curse
 j - a scroll of teleportation
 k - 2 scrolls of identify
 o - 2 scrolls of blinking {unknown}
Potions
 i - a potion of brilliance
 m - a potion of berserk rage
Books
 c - a book of Minor Magic

   Spells                             Type                      Level
   a - Magic Dart                     Conjuration                  1
   b - Blink                          Translocation                2
   c - Call Imp                       Summoning                    2
   d - Repel Missiles                 Charms/Air                   2
   e - Slow                           Hexes                        2
   f - Conjure Flame                  Conjuration/Fire             3
   g - Mephitic Cloud                 Conjuration/Poison/Air       3
Comestibles
 d - 3 bread rations
 f - 2 royal jellies
 g - 3 meat rations
 l - 4 fruits


   Skills:
 - Level 2.1 Dodging
 - Level 2.1 Stealth
 - Level 5.1 Spellcasting
 - Level 5.0 Conjurations
   Level 0.8 Summonings
 - Level 4.0 Translocations
 - Level 0.1 Poison Magic


You had 9 spell levels left.
You knew the following spells:

 Your Spells              Type           Power        Failure   Level  Hunger
a - Magic Dart            Conj           ####         1%          1    None
b - Blink                 Tloc           N/A          2%          2    None
c - Mephitic Cloud        Conj/Pois/Air  ##......     14%         3    ##.....


Dungeon Overview and Level Annotations

Branches:
Dungeon (4/15)
 Temple: D:4-7

Altars:
Nemelex Xobeh

Annotations:
D:4 Eustachio


Message History

Confirm with . or Enter, or press ? or * to list all spells.
You blink.
Casting: Blink
Confirm with . or Enter, or press ? or * to list all spells.
You blink.
There is a stone staircase leading down here.
You climb downwards.
Level annotation: Eustachio The orc hits you but does no damage. x2; The ooze hits you.
There is a stone staircase leading up here.
You can't go down here!
The orc barely misses you. The orc hits you with a whip.
The orc hits you with a club. The ooze hits you.
You climb upwards.
The ice beast hits you. The ice beast freezes you!
* * * LOW HITPOINT WARNING * * *
There is a stone staircase leading down, spattered with blood here.
The ooze hits you.
* * * LOW HITPOINT WARNING * * *
The orc throws a tomahawk.
The tomahawk hits you.
You die...

#.......................#.####
......###.................#
.........##...........#####
....)#.#..............#
......(......#........###
.....#....##............#########
.....#..Y.###..o.................
.......##..#.YoJ#..##.######.....
....#.###.....o.@.###..#####.....
......#...O#.####.####...........
........#....###...##..#####.....
.....#.#................# #..<..
.............#####.####.# #.....
.........##.## #.# #[# ######
....[..####.## #.# #.#
......#####..#####.####.##
.........###....##...##..####


You could see an ice beast, an ogre, an ooze and 3 orcs.

Vanquished Creatures
  An ogre (D:3)
  The ghost of daning the Charmwright, a weakling HESk (D:3)
  A hound (D:3)
  Ijyb (D:3)
  A worker ant (D:3)
  A hound skeleton (D:4)
  7 adders
  2 oozes
  3 worms (D:2)
  3 dart slugs
  2 giant geckos (D:4)
  2 orcs
  6 bats
  5 giant cockroaches
  5 goblins
  10 hobgoblins
  8 jackals
  10 kobolds
  A quokka (D:2)
  8 giant newts
  A quokka skeleton (D:4)
  9 rats
88 creatures vanquished.

Notes
Turn   | Place    | Note
--------------------------------------------------------------
     0 | D:1      | WarriorsX the High Elf Wizard began the quest for the Orb.
     0 | D:1      | Reached XP level 1. HP: 11/11 MP: 6/6
   132 | D:1      | Reached XP level 2. HP: 10/17 MP: 2/7
   736 | D:1      | Reached XP level 3. HP: 10/21 MP: 0/9
  1282 | D:2      | Learned a level 2 spell: Blink
  1596 | D:2      | Found a sparkling altar of Nemelex Xobeh.
  1876 | D:2      | Found a faded altar to an unknown god.
  1889 | D:2      | Reached XP level 4. HP: 27/27 MP: 4/11
  2768 | D:3      | Reached XP level 5. HP: 31/31 MP: 7/13
  2771 | D:3      | Noticed Ijyb
  2775 | D:3      | Killed Ijyb
  2794 | D:3      | Noticed daning's ghost (weakling HESk)
  2846 | D:3      | Killed daning's ghost
  2846 | D:3      | Reached skill level 5 in Spellcasting
  2846 | D:3      | Reached skill level 5 in Conjurations
  3465 | D:3      | Reached XP level 6. HP: 34/36 MP: 12/14
  3526 | D:3      | Learned a level 3 spell: Mephitic Cloud
  3773 | D:4      | Noticed Eustachio
  4020 | D:4      | Noticed an ice beast
  4115 | D:3      | Hit by a tomahawk thrown by an orc

Skill      XL: |  1  2  3  4  5  6 |
---------------+-------------------+-----
Conjurations   | 2 3 4 5 |  5.0
Spellcasting   | 4 5 |  5.1
Translocations | 2 4 |  4.0
Dodging        | |  2.1
Stealth        | |  2.1
Summonings     | |  0.8
Poison Magic   | |  0.1

Action                   |  1- 3 |  4- 6 || total
-------------------------+-------+-------++-------
Melee: Unarmed           |    23 |     2 ||    25
 Cast: Magic Dart        |    94 |   141 ||   235
       Mephitic Cloud    |       |     4 ||     4
       Blink             |       |     4 ||     4
  Use: Scroll            |     3 |     4 ||     7
       Potion            |     3 |     2 ||     5
  Eat: Chunk             |     4 |     6 ||    10
Armor: Robe              |    13 |    15 ||    28
Dodge: Dodged            |    34 |    54 ||    88
